 Dungeon Crawl Stone Soup version 0.25.0-11-g1f837a76a1 (webtiles) character file.

Game seed: 8457119893099851387

86 Descartes the Grave Robber (level 4, 0/24 HPs)
             Began as a Vampire Necromancer on June 26, 2020.
             Slain by a shadow imp (2 damage)
             ... on level 6 of the Dungeon.
             The game lasted 00:09:13 (2570 turns).

Descartes the Grave Robber (Vampire Necromancer)    Turns: 2570, Time: 00:09:14

Health: 0/24       AC:  3    Str:  3 (7)  XL:     4   Next: 26%
Magic:  9/16       EV: 11    Int: 14 (18) God:
Gold:   40         SH:  0    Dex: 10 (14) Spells: 6/8 levels left

rFire    . . .     SeeInvis +   c - +0 dagger
rCold    + + .     Gourm    .   (no shield)
rNeg     + + +     Faith    .   f - +0 leather armour
rPois    ∞         Spirit   .   (no helmet)
rElec    .         Reflect  .   (no cloak)
rCorr    .         Harm     .   (no gloves)
MR       .....                  (no boots)
Stlth    ++++......             (no amulet)
HPRegen  0.00/turn              j - ring of magical power
MPRegen  0.15/turn              (no ring)

@: bloodless
A: no food, fangs 3, see invisible, unbreathing
a: Bat Form, Revivify


You were on level 6 of the Dungeon.
You were bloodless.

You visited 1 branch of the dungeon, and saw 4 of its levels.

You collected 40 gold pieces.

Inventory:

Hand Weapons
 c - a +0 dagger (weapon)
Missiles
 d - 58 stones (quivered)
 i - 3 boomerangs
 k - 12 poisoned darts
Armour
 a - a +0 robe
 f - a +0 leather armour (worn)
Jewellery
 j - a ring of magical power (left hand)
Scrolls
 e - a scroll of random uselessness {unknown}
 g - a scroll of remove curse {unknown}
 h - 4 scrolls of identify {unknown}
 l - a scroll of teleportation {unknown}
 m - 3 scrolls of noise {unknown}
Potions
 b - a potion of stabbing {unknown}
 n - a potion of might {unknown}


   Skills:
 + Level 1.6 Short Blades
 + Level 3.0 Dodging
 + Level 4.1 Stealth
 + Level 2.5 Spellcasting
 + Level 4.8 Necromancy


You had 6 spell levels left.
You knew the following spells:

 Your Spells              Type           Power        Failure   Level  Hunger
a - Pain                  Necr           ###.         6%          1    N/A
b - Animate Skeleton      Necr           N/A          6%          1    N/A

Your spell library contained the following spells:

 Spells                   Type           Power        Failure   Level  Hunger
 Vampiric Draining        Necr           ###.......   19%         3    N/A
 Animate Dead             Necr           N/A          52%         4    N/A
 Agony                    Necr           ###.....     86%         5    N/A

Dungeon Overview and Level Annotations

Branches:
Dungeon (4/15)
 Temple: D:4-7

Altars:

Annotations:
D:4 Pikel


Innate Abilities, Weirdness & Mutations

You do not eat.
You do not regenerate when monsters are visible.
You are frail without blood (-20% HP).
You can heal yourself when you bite living creatures.
You are immune to poison.
You have razor-sharp teeth.
You have supernaturally acute eyesight. (SInv)
You can survive without breathing.


Message History

The shadow imp hits you.
* * * LOW HITPOINT WARNING * * *
You hit the shadow imp but do no damage.
The shadow imp is moderately wounded.
The shadow imp shouts, "Run away, thou mangled clapper-clawed joithead!"
The shadow imp closely misses you.
You hit the shadow imp.
The shadow imp is heavily wounded.
The shadow imp hits you.
* * * LOW HITPOINT WARNING * * *
You closely miss the shadow imp.
The shadow imp is heavily wounded.
The shadow imp closely misses you.
You closely miss the shadow imp.
You bite the shadow imp, but do no damage.
The shadow imp is heavily wounded.
You hit the shadow imp but do no damage.
The shadow imp is heavily wounded.
The shadow imp hits you.
You die...

##+#
##...##
##.....##
##.......##
#.........#
+.........+
#.......@.#
#..#.#.#5##
#.......#
###
#.#.#.#.#
#.#
#.......#
#.#
#.#.#.#.#
#.#
#.......#
#.#
######..###
#.#
#.......##
#.#


You could see a shadow imp.

Vanquished Creatures
  4 adders
  An ooze (D:2)
  2 worms (D:2)
  2 dart slugs (D:1)
  A giant cockroach (D:1)
  2 hobgoblins
  7 jackals
  2 quokkas (D:2)
  6 bats
  A frilled lizard (D:1)
  4 goblins
  3 kobolds
  3 rats (D:2)
38 creatures vanquished.

Notes
Turn   | Place    | Note
-------+----------+-------------------------------------------
     0 | D:1      | Descartes the Vampire Necromancer began the quest for the
                  | Orb.
     0 | D:1      | Reached XP level 1. HP: 13/13 MP: 3/3
   230 | D:1      | Reached XP level 2. HP: 10/15 MP: 1/5
   533 | D:1      | Learned a level 1 spell: Animate Skeleton
  1182 | D:1      | Reached skill level 1 in Short Blades
  1351 | D:2      | Reached XP level 3. HP: 19/19 MP: 6/6
  1760 | D:2      | Reached XP level 4. HP: 19/24 MP: 5/7
  2118 | D:2      | You fall into a shaft and drop 2 floors!
  2118 | D:4      | Noticed a slave
  2118 | D:4      | Noticed Pikel
  2118 | D:4      | Noticed a slave
  2118 | D:4      | Noticed a slave
  2118 | D:4      | Noticed a slave
  2119 | D:4      | Noticed an ogre
  2279 | D:4      | You are sucked into a shaft and drop 2 floors!
  2570 | D:6      | Slain by a shadow imp

Illustrated notes

Levels and vault maps discovered:
D:1:      scummos_arrival_gate, layout_loops_ring
D:2:      layout_rooms
D:4:      layout_basic, kennysheep_little_box, overflow_temple_1_default,
          first_ration, st_stairs_8, uniq_blork_the_orc, uniq_pikel,
          uniq_duvessa
D:6:      layout_loops_corners, grunt_temple_overflow_holy_war,
          serial_co_window_serial, co_window_paths_b, co_window_corner_a,
          co_window_corner_a, co_window_corner_a, co_window_corner_a,
          co_window_of_opportunity_a, co_window_2corner,
          co_window_unsneaky_path_e, co_window_of_opportunity_c,
          co_window_paths_d, glass_columns_b, glass_columns_b, glass_columns_b,
          trog_wizard

Skill      XL: |  1  2  3  4 |
---------------+-------------+-----
Short Blades   | 1 |  1.6
Stealth        | 4 |  4.1
Dodging        | 3 |  3.0
Spellcasting   | |  2.5
Necromancy     | |  4.8

Action                   |  1- 3 |  4- 6 || total
-------------------------+-------+-------++-------
Melee: Dagger            |    19 |    18 ||    37
       Bite              |     4 |     1 ||     5
 Cast: Pain              |    81 |    19 ||   100
       Animate Skeleton  |    11 |     5 ||    16
 Abil: Exsanguinate      |     1 |       ||     1
       End Transformatio |       |     2 ||     2
       Bat Form          |       |     2 ||     2
 Stab: Sleeping          |     1 |       ||     1
Armor: Leather armour    |     8 |     4 ||    12
Dodge: Dodged            |    26 |    12 ||    38
